 Dungeon Crawl Stone Soup version 0.22-a0-305-gd21a89c538 (webtiles) character file.

82 Oravi the Bolt Thrower (level 4, -4/26 HPs)
             Began as a Kobold Hunter on Mar 31, 2018.
             Slain by Sigmund
             ... wielding a cursed +0 scythe
              (11 damage)
             ... on level 2 of the Dungeon.
             The game lasted 00:05:39 (1302 turns).

Oravi the Bolt Thrower (Kobold Hunter)              Turns: 1302, Time: 00:05:40

Health: -4/26      AC:  4    Str: 10    XL:     4   Next: 70%
Magic:  4/4        EV: 16    Int: 12    God:
Gold:   81         SH:  0    Dex: 15    Spells: 3/3 levels left

rFire    . . .     SeeInvis .   b - +0 short sword
rCold    . . .     Gourm    .   (shield restricted)
rNeg     . . .     Faith    .   k - +0 troll leather armour
rPois    .         Spirit   .   (no helmet)
rElec    .         Reflect  .   (no cloak)
rCorr    .         Harm     .   (no gloves)
MR       .....                  (no boots)
Stlth    ++........             (no amulet)
HPRegen  0.48/turn              (no ring)
MPRegen  0.09/turn              (no ring)

@: invisible
A: small, carnivore
a: no special abilities


You were on level 2 of the Dungeon.
You were very full.

You visited 1 branch of the dungeon, and saw 2 of its levels.

You collected 81 gold pieces.

Inventory:

Hand Weapons
 a - a +1 hand crossbow
 b - a +0 short sword (weapon)
Missiles
 d - 11 bolts
Armour
 c - a +0 leather armour
 k - a +0 troll leather armour (worn)
Jewellery
 q - a +3 ring of evasion {unknown}
Scrolls
 e - 4 scrolls of teleportation {unknown}
 h - a scroll of enchant weapon {unknown}
 i - 2 scrolls of identify {unknown}
 j - 3 scrolls of remove curse {unknown}
 l - a scroll of magic mapping {unknown}
 m - a scroll of blinking {unknown}
Potions
 g - a potion of invisibility
 n - 2 potions of mutation {unknown}
 p - a potion of flight {unknown}
Comestibles
 f - 3 rations


   Skills:
 - Level 2.1 Fighting
 + Level 3.3 Short Blades
 - Level 5.0 Crossbows
 + Level 4.1 Dodging
 - Level 1.3 Stealth


You had 3 spell levels left.
You didn't know any spells.

Dungeon Overview and Level Annotations

Branches:
Dungeon (2/15)

Altars:
Gozag
Vehumet

Annotations:
D:2 Sigmund


Innate Abilities, Weirdness & Mutations

You are small and have problems with some larger weapons.
You are carnivorous and can eat meat at any time.


Message History

Something tries to affect you, but you resist.
You are confused.
You bump into the rock wall.
Something hits you.
b - a +0 short sword (weapon)
Something hits you! Something hits you but does no damage.
You bump into the rock wall.
You feel less confused.
You hear some strange, mumbled words.
You are confused.
Something hits you.
You bump into the rock wall.
You're too confused to move!
You feel less confused. Something hits you!
* * * LOW HITPOINT WARNING * * *
It was a potion of invisibility.
You fade into invisibility!
Something hits you!
You die...

.............##..#.##....#####
.......##.#.........#..#.....####
......###....##..##..............
.#.#.## ##...........#######.....
.#.#.# #.......##..### ###.....
...#.### ###...........###.......
#..#...# #.....................
#....#.#####............####.....
#.##....#.......@#####...###.>...
#.###.....##...#.## #....##.....
#.###....###...#..# ###..##.....
#.##..#..# #...##.######...######
#.#..###..##.....<..)....#.#
....## ........_..#.....#.###
..#########....##........#...##
..........##..(####...........###
..#######..#...####.######.......


There were no monsters in sight!

Vanquished Creatures
  Jessica (D:2)
  2 adders
  A dart slug (D:2)
  A leopard gecko (D:2)
  A giant cockroach (D:1)
  6 goblins
  3 hobgoblins
  2 jackals (D:1)
  11 kobolds
  5 bats
  A frilled lizard (D:1)
  A rat (D:1)
35 creatures vanquished.

Notes
Turn   | Place    | Note
-------+----------+-------------------------------------------
     0 | D:1      | Oravi the Kobold Hunter began the quest for the Orb.
     0 | D:1      | Reached XP level 1. HP: 12/12 MP: 1/1
    49 | D:1      | Reached skill level 5 in Crossbows
   176 | D:1      | Reached XP level 2. HP: 17/17 MP: 2/2
   511 | D:1      | Reached skill level 1 in Short Blades
   746 | D:2      | Found a radiant altar of Vehumet.
   764 | D:1      | Reached XP level 3. HP: 15/21 MP: 3/3
   933 | D:2      | Noticed Jessica
   942 | D:2      | Killed Jessica
   942 | D:2      | Reached XP level 4. HP: 26/26 MP: 4/4
  1199 | D:2      | Found an opulent altar of Gozag.
  1281 | D:2      | Noticed Sigmund
  1302 | D:2      | Slain by Sigmund

Vault maps used:
D:1:      matt_arrival_los_fun
D:2:      overflow_temple_1_default, nicolae_gozag_seed_capital, uniq_jessica,
          uniq_sigmund

Skill      XL: |  1  2  3 |
---------------+----------+-----
Crossbows      | 5 |  5.0
Dodging        | 3 4 |  4.1
Short Blades   | 1 3 |  3.3
Fighting       | |  2.1
Stealth        | |  1.3

Action                   |  1- 3 |  4- 6 || total
-------------------------+-------+-------++-------
Melee: Short sword       |    43 |     3 ||    46
 Fire: Hand crossbow     |    38 |    21 ||    59
  Use: Potion            |       |     1 ||     1
  Eat: Chunk             |     6 |     3 ||     9
Armor: Leather armour    |     2 |       ||     2
       Troll leather arm |     9 |     2 ||    11
Dodge: Dodged            |    42 |     6 ||    48

Table legend:
 A = Spawn XP
 B = Non-spawn XP
 C = Spawn XP percentage of total XP
 D = Spawn monster count
 E = Non-spawn monster count
 F = Spawn count percentage of total count
 G = Total turns spent on level
                    A         B        C        D         E        F      G
               +---------+---------+-------+---------+---------+-------+---------
         Total |       0 |     118 |   0.0 |       0 |      35 |   0.0 |  1302
               +---------+---------+-------+---------+---------+-------+---------
           D:1 |       0 |      44 |   0.0 |       0 |      19 |   0.0 |   850
           D:2 |       0 |      74 |   0.0 |       0 |      16 |   0.0 |   452
               +---------+---------+-------+---------+---------+-------+---------
